 Dungeon Crawl Stone Soup version 0.17.0-28-g6e173f8 (webtiles) character file.

84 gorblad the Ducker (level 4, 0/44 HPs)
             Began as a Troll Fighter on Dec 4, 2015.
             Killed by divine providence
             ... invoked by an orc priest
              (16 damage)
             ... on level 3 of the Dungeon.
             The game lasted 00:04:04 (1337 turns).

gorblad the Ducker (Troll Fighter)                  Turns: 1337, Time: 00:04:04

Health: 0/44       AC:  7    Str: 25    XL:     4   Next: 23%
Magic:  3/3        EV:  8    Int:  4    God:
Gold:   103        SH: 10    Dex:  9    Spells: 0 memorised, 3 levels left

rFire  . . .     SeeInvis .       - Unarmed
rCold  . . .     Clarity  .     a - +0 robe
rNeg   . . .     SustAt   .     b - +2 shield
rPois  .         Gourm    +     p - +2 hat
rElec  .         Spirit   .     (no cloak)
rCorr  .         Warding  .     (gloves unavailable)
rMut   .         Stasis   .     (boots unavailable)
MR     .....                    (no amulet)
Stlth  +.........               (no ring)
                                (no ring)

@: lethally poisoned (0 -> -1), not resistant to hostile enchantments, very
unstealthy
A: unfitting armour, claws 3, fast metabolism 3, gourmand, regeneration 2,
shaggy fur 1, tough skin 2
a: no special abilities


You were on level 3 of the Dungeon.
You were completely stuffed.

You visited 1 branch of the dungeon, and saw 3 of its levels.

You collected 103 gold pieces.

Inventory:

Armour
 a - a +0 robe (worn)
 b - a +2 shield (worn)
 p - a +2 hat (worn)
Scrolls
 j - a scroll of blinking
 m - a scroll of teleportation
Potions
 c - a potion of might
 h - a potion of curing
 k - a potion of invisibility
Comestibles
 d - 4 bread rations
 g - a beef jerky
 l - a chunk of flesh
 o - a meat ration


   Skills:
 - Level 2.4 Fighting
 + Level 4.2 Dodging
 - Level 2.4 Shields
 - Level 2.0 Unarmed Combat


You had 3 spell levels left.
You didn't know any spells.

Dungeon Overview and Level Annotations

Branches:
Dungeon (3/15)

Altars:
Nemelex Xobeh


Innate Abilities, Weirdness & Mutations

You are too large for most types of armour.
You have claws for hands.
Your metabolism is lightning-fast.
You like to eat raw meat.
You heal very quickly.
You are covered in fur (AC +1).
You have very tough skin (AC +2).


Message History

The adder is severely wounded.
The adder bites you but does no damage. The orc hits you but does no damage.
The adder bites you but does no damage.
You closely miss the adder.
The adder is severely wounded.
The orc priest mumbles some strange prayers to Beogh against you.
Something smites you! The orc hits you but does no damage.
You block the adder's attack.
You scratch the adder.
The adder is almost dead.
You feel sick. The adder barely misses you. You block the orc's attack.
You barely miss the adder.
The adder is almost dead.
The adder barely misses you. You block the orc's attack.
You block the adder's attack.
Your shield prevents you from hitting the adder.
The adder is almost dead.
The orc priest mumbles some strange prayers to Beogh against you.
Something smites you!
You die...

.. ... #.######.
#.##.# #.#....#"
#..#!# #.##.#.#.
#.#.# #.##.#<#. #...#
#.##.###.
...###..########.##.#
#.
........(........##.#
#.
..####S###########.#
#. #@# #.# #. #o#
#.###. #o# #..... .o#
###### ###


You could see an orc priest, an orc wizard, an adder and an orc.

Vanquished Creatures
  2 adders (D:2)
  A worm (D:2)
  2 giant geckos (D:2)
  An orc (D:3)
  10 hobgoblins
  7 kobolds
  5 bats
  4 giant cockroaches
  5 giant newts
  6 goblins
  6 jackals (D:1)
  7 rats
  A bush (D:1)
57 creatures vanquished.

Notes
Turn   | Place    | Note
--------------------------------------------------------------
     0 | D:1      | gorblad the Troll Fighter began the quest for the Orb.
     0 | D:1      | Reached XP level 1. HP: 22/22 MP: 0/0
   157 | D:1      | Reached XP level 2. HP: 27/29 MP: 1/1
   202 | D:1      | Reached skill level 3 in Dodging
   405 | D:1      | Reached XP level 3. HP: 36/36 MP: 2/2
   721 | D:2      | Found a sparkling altar of Nemelex Xobeh.
   989 | D:2      | Reached skill level 4 in Dodging
   989 | D:2      | Reached XP level 4. HP: 37/44 MP: 3/3
  1095 | D:2      | Found a faded altar to an unknown god.
  1337 | D:3      | Killed from afar by an orc priest

Action                   |  1- 3 |  4- 6 || total
-------------------------+-------+-------++-------
Melee: Unarmed           |   188 |    37 ||   225
  Use: Scroll            |     4 |     6 ||    10
 Stab: Sleeping          |       |     1 ||     1
  Eat: Chunk             |    15 |     3 ||    18
